Nobbs, lawful female human Valkyrie -.---- ------ |....| |....| ------------ |.....#####.....-# ------------ +..........| |....| ###|....|# |...>......| |..........| |....| # #------# |..........-# |.[........| ---.-- # #######`###################...........|# |..........| # # # |..........|# ---------.-- # # ### ------ ------------# # # # # |....| # ### ### # ##-.....# # # # # |....|# # ### ### # ------# # # ---%-# ### -.-------- ## ######### |...|# # |........| #--|----- |...|# ###|...{.^I.| #-......| |...|# @g'c......| |......| |...-# |.<......| |......| |...| ---------- |......| ----- -------- Nobbs the Fighter Experience level: 8 Strength: 18/04 Dexterity: 13 Constitution: 18 Intelligence: 8 Wisdom: 11 Charisma: 8 Health: 0(78) Energy: 21(21) Def: 9 Gold: 1561 Moves: 5821 Dungeon seed: lxyVavaDWLz3bvBi Game ID: Nobbs_1509557045 Your Inventory: Coins $ - 1561 gold pieces Wands c - a wand of cancellation (0:3) f - a wand of lightning (0:6) m - a wand of create monster (0:10) F - a wand of cold (0:8) T - a wand of speed monster (0:5) Weapons a - the blessed rustproof +1 Excalibur (weapon in hand) b - a +0 dagger (in quiver) s - 5 cursed -3 daggers R - a cursed -1 silver saber Armor e - an uncursed burnt +3 small shield (being worn) n - a cursed -2 pair of gauntlets of fumbling q - an uncursed +0 dwarvish mithril-coat (being worn) Comestibles i - 3 uncursed tripe rations j - 4 uncursed food rations t - 2 uncursed apples E - an uncursed fortune cookie O - an uncursed pear U - an uncursed orange Scrolls o - 4 uncursed scrolls of blank paper p - 2 uncursed scrolls of earth v - 2 uncursed scrolls of enchant armor w - 2 uncursed scrolls of teleportation P - a cursed scroll of identify V - an uncursed scroll of create monster W - an uncursed scroll of light X - a blessed scroll of identify Potions d - 2 uncursed potions of invisibility h - a cursed potion of gain ability k - 2 uncursed potions of booze r - an uncursed potion of see invisible u - an uncursed potion of hallucination z - an uncursed potion of gain ability B - 2 uncursed potions of speed Q - an uncursed potion of oil S - an uncursed potion of monster detection Z - an uncursed potion of enlightenment Rings l - an uncursed ring of stealth C - an uncursed ring of poison resistance H - a cursed ring of aggravate monster I - an uncursed ring of free action Tools g - an uncursed stethoscope x - an uncursed bag of holding A - an uncursed magic whistle D - a magic marker (0:39) G - an uncursed skeleton key K - an uncursed bugle L - 6 uncursed partly used tallow candles (0:59) M - an uncursed oil lamp (0:445) Spells and supernatural/magical abilities: Name Level Category Fail Memory W - pray for help -- divine ? -- Your skills at the end: Fighting Skills Weapon Skills dagger [Basic] long sword [Basic] Spellcasting Skills Final Attributes: You were piously aligned. You were cold resistant. You were level-drain resistant. You had automatic searching. You were stealthy. You were fast. You are dead. Vanquished creatures: a small mimic a tengu a wolf a lynx 3 leprechauns 2 giant spiders a dwarf mummy 2 dogs a dwarf lord a blue jelly 2 snakes 2 apes 4 human zombies a rope golem 4 fire ants an imp a water nymph a pony a fog cloud 5 gnome lords 5 gnomish wizards a kobold mummy a black naga hatchling 3 elf zombies a ghoul a paper golem a giant ant 4 dwarves 2 homunculi 2 kobold lords 7 hill orcs a giant bat a monkey an iguana a gas spore a hobbit a hobgoblin 9 giant rats 6 cave spiders 2 brown molds a yellow mold 35 gnomes 9 garter snakes a gnome zombie 4 geckos 6 jackals a fox 4 kobolds a goblin 5 sewer rats 3 grid bugs 3 bats 4 lichens a kobold zombie 4 newts 169 creatures vanquished. Voluntary challenges: You had been an atheist until turn 2939. You used a wielded weapon 230 times, starting on turn 82. You read items or engraved 6 times, starting on turn 397. You never genocided any monsters. You never polymorphed an object. You never changed form. You used no wishes. You never split a pudding. You wrote Elbereth's name 4 times, starting on turn 398. You never violated your personal moral code. Dungeon overview: The Dungeons of Doom: levels 1 to 10 Level 1 a long staircase Level 2 a fountain Level 3 a general store Level 4 a fountain stairs to The Gnomish Mines Level 5 a potion shop, an altar to Loki, a fountain Level 6 a sink Level 7 some fountains Level 8 a fountain stairs to Sokoban Level 9 <- You were here a fountain Level 10 a fountain The Gnomish Mines: levels 5 to 10 Level 5 stairs to The Dungeons of Doom Level 6 Level 7 Level 8 many shops, a temple to Tyr, some fountains Level 9 Level 10 Sokoban: levels 6 to 7 Level 6 Level 7 stairs to The Dungeons of Doom History has recorded: On T:1 you entered the Dungeons of Doom to retrieve the Amulet of Yendor! On T:43 you reached level 2 of The Dungeons of Doom. On T:388 you reached level 3 of The Dungeons of Doom. On T:697 you advanced to experience level 2. On T:965 you reached level 4 of The Dungeons of Doom. On T:1487 you advanced to experience level 3. On T:1679 you reached level 1 of The Gnomish Mines. On T:1743 you advanced to experience level 4. On T:1960 you reached level 2 of The Gnomish Mines. On T:1963 you advanced to experience level 5. On T:1977 you reached level 3 of The Gnomish Mines. On T:2435 you advanced to experience level 6. On T:2889 you reached level 4 of The Gnomish Mines. On T:3107 you advanced to experience level 7. On T:3544 you reached level 5 of The Gnomish Mines. On T:3678 you reached level 6 of The Gnomish Mines. On T:4123 you reached level 5 of The Dungeons of Doom. On T:4140 you reached level 6 of The Dungeons of Doom. On T:4479 you reached level 7 of The Dungeons of Doom. On T:4522 you reached level 8 of The Dungeons of Doom. On T:4700 you reached level 9 of The Dungeons of Doom. On T:4766 you advanced to experience level 8. On T:4769 you reached level 4 of Sokoban. On T:5049 you reached level 3 of Sokoban. On T:5703 you reached level 10 of The Dungeons of Doom. Score breakdown: Gold: 1561 (10863 points) Experience: 8 levels (14739 points) Exploration: 10 levels ( 20.83%) (13127 points) Discoveries: 6 items ( 2.44%) ( 4685 points) Valuables value: (no points given unless you survive) Artifact value: 4000 (12253 points) Variety of kills: 55 monsters ( 14.44%) (11398 points) Turncount: 5821 turns (-1579 points) Survival: died (score multiplied by 80%) Total score: 52388 Latest messages: With great effort you move the boulder. The door resists! The door opens. B - an uncursed smoky potion. This door is locked. That door is closed. (4x) You succeed in unlocking the door. The door opens. You hit the gargoyle! You miss the gargoyle. The gargoyle hits! (2x) The gargoyle bites! You miss the gargoyle. The gargoyle hits! (2x) The gargoyle bites! You miss the gargoyle. The gargoyle hits! (2x) You die... The bag of holding is empty. The bag of holding is empty. Final status: Farvel Nobbs the Valkyrie, killed by a gargoyle... You died in The Dungeons of Doom on dungeon level 9 with 52388 points, and 1561 pieces of gold, after 5821 moves. You were level 8 with a maximum of 78 hit points when you died.